 Dungeon Crawl Stone Soup version 0.21.1-1-g345015f (webtiles) character file.

256 inc the Digger (level 6, -2/36 HPs)
             Began as an Octopode Earth Elementalist on June 11, 2018.
             Slain by a slave (8 damage)
             ... led by Pikel
             ... on level 4 of the Dungeon.
             The game lasted 00:04:46 (3098 turns).

inc the Digger (Octopode Earth Elementalist)        Turns: 3098, Time: 00:04:47

Health: -2/36      AC:  1    Str:  7    XL:     6   Next: 16%
Magic:  9/9        EV: 13    Int: 20    God:
Gold:   143        SH:  0    Dex: 12    Spells: 3/9 levels left

rFire    . . .     SeeInvis .   o - +3 mace (curse)
rCold    . . .     Gourm    .   (no shield)
rNeg     . . .     Faith    .   (helmet restricted)
rPois    .         Spirit   .   (no amulet)
rElec    .         Reflect  .   (no ring)
rCorr    .         Harm     .   (no ring)
MR       .....                  (no ring)
Stlth    +++.......             (no ring)
HPRegen  0.12/turn              (no ring)
MPRegen  0.11/turn              (no ring)
                                (no ring)
                                (no ring)

@: no status effects
A: almost no armour, stealthy swim, amphibious, 8 rings, constrict 8, camouflage
1, gelatinous body 1
a: no special abilities


You were on level 4 of the Dungeon.
You were hungry.

You visited 1 branch of the dungeon, and saw 4 of its levels.

You collected 143 gold pieces.

Inventory:

Hand Weapons
 n - a +4 war axe
 o - a cursed +3 mace (weapon)
Missiles
 b - 23 stones (quivered)
Scrolls
 e - 2 scrolls of remove curse {unknown}
 f - 2 scrolls of noise {unknown}
 g - 2 scrolls of blinking {unknown}
 i - 2 scrolls of identify {unknown}
 l - 4 scrolls of fear {unknown}
 q - a scroll of teleportation {unknown}
Potions
 a - a potion of heal wounds {unknown}
 h - a potion of might {unknown}
 j - 2 potions of degeneration {unknown}
 k - 3 potions of curing {unknown}
 m - a potion of brilliance {unknown}
 p - a potion of haste {unknown}
Books
 d - a book of Geomancy

   Spells                             Type                      Level
   a - Sandblast                      Earth                        1
   b - Passwall                       Transmutation/Earth          2
   c - Stone Arrow                    Conjuration/Earth            3
   d - Petrify                        Transmutation/Earth          4
   e - Lee's Rapid Deconstruction     Earth                        5
 r - a book of Minor Magic

   Spells                             Type                      Level
   a - Magic Dart                     Conjuration                  1
   b - Blink                          Translocation                2
   c - Call Imp                       Summoning                    2
   d - Slow                           Hexes                        2
   e - Conjure Flame                  Conjuration/Fire             3
   f - Mephitic Cloud                 Conjuration/Poison/Air       3
Comestibles
 c - 4 rations


   Skills:
 - Level 2.0 Dodging
 - Level 2.6 Stealth
 + Level 2.0 Spellcasting
 - Level 1.0 Transmutations
 - Level 6.7 Earth Magic


You had 3 spell levels left.
You knew the following spells:

 Your Spells              Type           Power        Failure   Level  Hunger
a - Sandblast             Erth           ####..       1%          1    #......
b - Passwall              Tmut/Erth      ###.......   4%          2    ##.....
c - Stone Arrow           Conj/Erth      ###...       12%         3    ###....


Dungeon Overview and Level Annotations

Branches:
Dungeon (4/15)
 Temple: D:4-7

Altars:

Annotations:
D:4 Pikel


Innate Abilities, Weirdness & Mutations

You cannot wear most types of armour.
You are very stealthy in the water. (Stealth+)
You are amphibious.
You can wear up to eight rings at the same time.
You can use your tentacles to constrict eight enemies at once.
Your skin changes colour to match your surroundings (Stealth+).
Your rubbery body absorbs attacks. (AC +1, EV +1)


Message History

There is a stone staircase leading up here.
The slave shouts!
You hit the slave. Your grab misses the slave.
The slave is lightly wounded.
The slave hits you!
The slave moves out of view.
You sock the slave! Your grab misses the slave.
The slave is moderately wounded.
The slave hits you.
Pikel the Slaver comes into view.
He is wielding a whip of freezing.
You closely miss the slave. You grab the slave. You squeeze the slave!
The slave is heavily wounded.
You constrict the slave, but do no damage.
The slave hits you! The slave hits you. x2
* * * LOW HITPOINT WARNING * * *
A hound comes into view.
The hound barks!
Okay, then.
You release your grip on the slave.
The hound moves out of view.
The slave hits you!
You die...

######
+....#
#..p@#
#.pK##
#.pp
.....
......>
....<..
#####+#


You could see Pikel and 4 slaves.

Vanquished Creatures
  3 wights (D:3)
  4 adders
  An adder zombie (D:1)
  3 worms
  A dart slug (D:1)
  5 leopard geckos
  3 orcs (D:3)
  2 ball pythons (D:3)
  10 bats
  4 giant cockroaches
  5 goblins
  5 hobgoblins
  12 jackals
  6 frilled lizards
  2 kobolds
  A leopard gecko zombie (D:1)
  7 rats
74 creatures vanquished.

Notes
Turn   | Place    | Note
-------+----------+-------------------------------------------
     0 | D:1      | inc the Octopode Earth Elementalist began the quest for the Orb.
     0 | D:1      | Reached XP level 1. HP: 11/11 MP: 3/3
   241 | D:1      | Reached XP level 2. HP: 17/17 MP: 5/5
   499 | D:1      | Reached skill level 4 in Earth Magic
   546 | D:1      | Reached XP level 3. HP: 9/21 MP: 4/6
  1622 | D:2      | Reached XP level 4. HP: 24/27 MP: 3/7
  1866 | D:2      | Learned a level 2 spell: Passwall
  1870 | D:2      | Learned a level 3 spell: Stone Arrow
  1914 | D:2      | Reached skill level 5 in Earth Magic
  2196 | D:3      | Reached XP level 5. HP: 23/31 MP: 3/8
  2260 | D:3      | Reached skill level 6 in Earth Magic
  2314 | D:3      | Reached XP level 6. HP: 30/36 MP: 0/9
  3094 | D:4      | Noticed a slave
  3094 | D:4      | Noticed a slave
  3094 | D:4      | Noticed a slave
  3094 | D:4      | Noticed a slave
  3097 | D:4      | Noticed Pikel
  3098 | D:4      | Slain by a slave

Skill      XL: |  1  2  3  4  5 |
---------------+----------------+-----
Earth Magic    | 4 5 6 |  6.7
Dodging        | |  2.0
Stealth        | |  2.6
Spellcasting   | |  2.0
Transmutations | |  1.0

Action                   |  1- 3 |  4- 6 || total
-------------------------+-------+-------++-------
Melee: Unarmed           |    66 |    11 ||    77
       Constrict         |    18 |    10 ||    28
       Tentacles         |    10 |     4 ||    14
       Mace              |       |    31 ||    31
 Cast: Sandblast         |    19 |    46 ||    65
 Stab: Sleeping          |     8 |     7 ||    15
  Eat: Chunk             |     2 |     5 ||     7
Armor: Skin              |     9 |     7 ||    16
Dodge: Dodged            |    42 |    21 ||    63
